 Dungeon Crawl Stone Soup version 0.30-a0-140-gd1020e658a (webtiles) character file.

Game seed: 3271245855175392543

3409 Flugkiller the Grappler (level 9, -2/88 HPs)
             Began as a Troll Warper on Sept 24, 2022.
             Was a Priest of Uskayaw.
             Slain by a two-headed ogre
             ... wielding a +0 great mace
              (15 damage)
             ... on level 8 of the Dungeon.
             The game lasted 00:05:07 (5732 turns).

Flugkiller the Grappler (Troll Warper)              Turns: 5732, Time: 00:05:08

Health: -2/88      AC:  6    Str: 25    XL:     9   Next: 75%
Magic:  0/9        EV: 10    Int:  9    God:    Uskayaw [***...]
Gold:   556        SH:  0    Dex: 15    Spells: 10/10 levels left

rFire   . . .      SeeInvis .      - Unarmed
rCold   . . .      Faith    .    (no shield)
rNeg    . . .      Spirit   +    B - +1 animal skin
rPois   .          Reflect  .    (helmet restricted)
rElec   .          Harm     .    o - +0 cloak
rCorr   .          Rampage  .    (gloves unavailable)
Will    +....                    (boots unavailable)
Stlth   +.........               j - amulet of guardian spirit
HPRegen 1.04/turn                e - +6 ring of dexterity
MPRegen 0.11/turn                x - ring of willpower

@: slowed, very slow
A: large, unfitting armour, claws 3, regeneration 1, shaggy fur 1, tough skin 1
a: Renounce Religion, Stomp, Line Pass


You were on level 8 of the Dungeon.
You worshipped Uskayaw.
Uskayaw was noncommittal.
You visited 2 branches of the dungeon, and saw 9 of its levels.
You also visited: Sewer.

You collected 556 gold pieces.

Inventory:

Missiles
 c - 8 boomerangs of dispersal (quivered)
 k - 11 boomerangs
 v - 2 throwing nets
 A - 4 curare-tipped darts
Armour
 a - a +0 robe
 o - a +0 cloak (worn)
   (You found it on level 4 of the Dungeon)
 B - a +1 animal skin (worn)
   (You took it off Robin on level 2 of the Dungeon)
Jewellery
 e - a +6 ring of dexterity (left claw)
   (You found it on level 1 of the Dungeon)
 j - an amulet of guardian spirit (around neck)
   (You found it on level 2 of the Dungeon)
 m - a ring of willpower
   (You found it on level 5 of the Dungeon)
 x - a ring of willpower (right claw)
   (You found it on level 6 of the Dungeon)
Wands
 b - a wand of polymorph (7)
   (You took it off Pikel on level 4 of the Dungeon)
 l - a wand of flame (48)
   (You found it on level 3 of the Dungeon)
 r - a wand of paralysis (13)
   (You found it on level 5 of the Dungeon)
Scrolls
 d - 2 scrolls of immolation
 i - a scroll of fear
 p - a scroll of brand weapon {unknown}
 s - a scroll of magic mapping
 t - 4 scrolls of teleportation
 y - a scroll of amnesia {unknown}
 z - 3 scrolls of blinking
 C - 2 scrolls of enchant armour {unknown}
Potions
 f - 2 potions of flight {unknown}
 g - a potion of lignification {unknown}
 h - 2 potions of haste
 n - 2 potions of resistance {unknown}
 q - a potion of cancellation {unknown}
 u - 3 potions of curing {unknown}
 w - 2 potions of heal wounds
Miscellaneous
 D - a piece from Xom's chessboard (15/15)
   (You found it on level 7 of the Dungeon)


   Skills:
 + Level 5.6 Fighting
 - Level 0.8 Throwing
 - Level 1.9 Dodging
 - Level 10.7 Unarmed Combat
 - Level 1.2 Spellcasting
 - Level 2.1 Translocations
 + Level 4.7 Evocations


You had 10 spell levels left.
You didn't know any spells.
Your spell library contained the following spells:

 Spells                   Type           Power      Damage    Failure   Level
 Blink                    Tloc           8%         N/A       22%         2
 Freeze                   Ice            0%         1d3       36%         1
 Summon Small Mammal      Summ           0%         N/A       36%         1
 Gell's Gravitas          Tloc           4%         N/A       41%         3
 Lesser Beckoning         Tloc           4%         N/A       41%         3
 Teleport Other           Tloc           4%         N/A       41%         3
 Kindle Blastsparks       Fire/Tloc/Air  2%         2d10      63%         3
 Call Canine Familiar     Summ           0%         N/A       73%         3
 Dazzling Flash           Conj/Hex       0%         N/A       73%         3
 Frozen Ramparts          Ice            0%         1d1       73%         3
 Summon Guardian Golem    Hex/Summ       0%         N/A       73%         3
 Manifold Assault         Tloc           4%         N/A       82%         4
 Iskenderun's Mystic Bla  Conj/Tloc      2%         2d3       93%         4
 Fulminant Prism          Conj/Hex       0%         3d6       98%         4
 Hailstorm                Conj/Ice       0%         3d3       98%         4
 Ice Form                 Ice/Tmut       0%         N/A       98%         4
 Agony                    Necr           0%         N/A       100%        5
 Lee's Rapid Deconstruct  Erth           0%         3d5*      100%        5
 Silence                  Hex/Air        0%         N/A       100%        5
 Simulacrum               Ice/Necr       0%         N/A       100%        6


Dungeon Overview and Level Annotations

Branches:
Dungeon (8/15) Zot: 26734  Temple (1/1) D:4 Zot: 5998    Lair (0/5) D:8
  Sewer (visited)

Altars:
Ashenzari
Cheibriados
Dithmenos
Elyvilon
Fedhas
Gozag
Hepliaklqana
Kikubaaqudgha
Makhleb
Nemelex Xobeh
Okawaru
Qazlal
Ru
Sif Muna
Trog
Uskayaw
Vehumet
Wu Jian
Xom
Zin
The Shining One

Annotations:
D:4 1 transporter, funkygono's ghost, novice DsNe


Innate Abilities, Weirdness & Mutations

You are too large for most types of armour.
You have claws for hands.
Your natural rate of healing is unusually fast.
You are covered in fur. (AC +1)
You have tough skin. (AC +1)


Message History

You claw the kobold!
You kill the kobold!
You claw the wyvern! Your claw misses the wyvern.
The wyvern is moderately wounded.
The wyvern barely misses you.
A kobold comes into view. It is wielding a +0 dagger.
You completely miss the wyvern. You claw the wyvern!
The wyvern is severely wounded.
The wyvern barely misses you.
You claw the wyvern!
You kill the wyvern!
You closely miss the kobold. You scratch the kobold.
You kill the kobold!
You hear some strange, mumbled words.
A puff of flame appears from out of thin air!
The puff of flame hits you.
Uskayaw prepares the audience for your solo!
Items here: ( )) †††.
You claw something!
Reactivating autopickup.
You feel a bit more experienced.
The orc is no longer paralysed.
You claw the orc!
You kill the orc!
You scratch the kobold.
You kill the kobold!
There is an open door, spattered with blood here.
Items here: ( )))))) [[[ ††††††.
You start resting.
HP restored.
You start resting.
Magic restored.
Things that are here:
a +0 whip; a +0 club; 6 stones You now have 535 gold pieces (gained 17).
You see here a +0 shortbow.
Found 5 stones.
You now have 556 gold pieces (gained 21).
You pick up a book of the Senses and begin reading...
You add the spells Dazzling Flash, Agony and Silence to your library.
You open the door.
There is an open door here.
Found an escape hatch in the floor.
A bullfrog comes into view.
A bullfrog is nearby!
A bullfrog is nearby!
A kobold brigand comes into view.
It is wielding a +0 short sword and quivering curare-tipped darts.
The bullfrog croaks.
You hear two shouts!
Found a buckler.
The bullfrog hits you but does no damage.
The kobold brigand throws a curare-tipped dart.
The curare-tipped dart hits you.
You are poisoned.
You have difficulty breathing.
You feel yourself slow down.
You scratch the bullfrog.
The bullfrog is moderately wounded.
You feel sick.
The bullfrog hits you but does no damage.
The bullfrog hits you.
A two-headed ogre comes into view.
It is wielding a +0 great mace and a +0 dire flail.
You claw the bullfrog!
You kill the bullfrog!
You feel sick.
You can now pass through a line of other dancers.
You closely miss the kobold brigand.
You feel sick.
You are no longer poisoned.
The kobold brigand hits you but does no damage.
You barely miss the kobold brigand. The kobold brigand misses you.
You mangle the kobold brigand!!
The kobold brigand is severely wounded.
The kobold brigand hits you but does no damage.
The kobold brigand hits you with a +0 short sword.
You scratch the kobold brigand but do no damage.
The kobold brigand is severely wounded.
The kobold brigand closely misses you.
You scratch the two-headed ogre but do no damage.
You claw the two-headed ogre.
The two-headed ogre is lightly wounded.
A bullfrog comes into view.
The kobold brigand hits you but does no damage.
The two-headed ogre hits you with a +0 great mace!!
The two-headed ogre hits you but does no damage.
Uskayaw will force your foes to helplessly watch your dance.
Uskayaw prepares the audience for your solo!
The helpless two-headed ogre fails to defend itself.
You scratch the two-headed ogre. You claw the two-headed ogre!!
The two-headed ogre is heavily wounded.
The bullfrog is no longer paralysed.
The two-headed ogre is no longer paralysed.
The kobold brigand is no longer paralysed.
The kobold brigand hits you but does no damage.
The bullfrog snags a nearby small bird with its tongue.
The two-headed ogre hits you with a +0 great mace!!
The two-headed ogre hits you with a +0 dire flail!
* * * LOW HITPOINT WARNING * * *
The two-headed ogre attacks as you move away!
The two-headed ogre hits you with a +0 great mace!
* * * LOW HITPOINT WARNING * * *
The two-headed ogre hits you with a +0 dire flail!
You die...

#. ... #... #F...
#....[
###########.....#
.........#O....#
######..@K###
#.............#
######.........#####
#..........###>#
#.####.....###.#
#.#............#
#.#....######...
#...............
###.....#####...


You could see a two-headed ogre, a kobold brigand and a bullfrog.

Vanquished Creatures
  Pikel (D:4)
  2 wyverns (D:8)
  Eustachio (D:6)
  A steam dragon (D:8)
  3 ice beasts
  A black bear (D:4)
  A sky beast (D:8)
  3 ogres
  2 centaurs (D:8)
  2 phantoms
  3 kobold brigands
  3 bullfrogs
  2 scorpions
  A killer bee (D:8)
  A howler monkey (D:5)
  A gnoll bouda (D:6)
  7 jellies
  A hound (D:6)
  2 orc priests (D:6)
  5 orc wizards
  Natasha (thrice) (D:3)
  An iguana (D:5)
  Robin (D:2)
  9 gnolls
  5 adders
  4 shadow imps
  A white imp (D:7)
  5 worms
  5 dart slugs
  19 orcs
  11 ball pythons
  6 bats
  12 endoplasms
  11 giant cockroaches
  9 goblins
  12 hobgoblins
  5 jackals (D:2)
  26 kobolds
  13 quokkas
  6 frilled lizards (Sewer)
  6 rats
213 creatures vanquished.

Vanquished Creatures (others)
  A centaur (D:8)
  3 orcs (D:8)
4 creatures vanquished.

Grand Total: 217 creatures vanquished

Notes
Turn   | Place    | Note
-------+----------+-------------------------------------------
     0 | D:1      | Flugkiller the Troll Warper began the quest for the Orb.
     0 | D:1      | Reached XP level 1. HP: 19/19 MP: 1/1
    80 | D:1      | Reached XP level 2. HP: 27/27 MP: 2/2
   182 | D:1      | Reached skill level 3 in Unarmed Combat
   630 | D:2      | Noticed Robin
   632 | D:2      | Reached XP level 3. HP: 33/33 MP: 3/3
   643 | D:2      | Killed Robin
   712 | D:2      | Reached skill level 4 in Unarmed Combat
   986 | D:2      | Found an iron altar of Okawaru.
  1189 | D:2      | Reached XP level 4. HP: 41/41 MP: 4/4
  1378 | D:3      | Found a snail-covered altar of Cheibriados.
  1467 | D:3      | Found a radiant altar of Vehumet.
  1539 | D:3      | Reached skill level 5 in Unarmed Combat
  1671 | D:3      | Reached XP level 5. HP: 40/48 MP: 5/5
  1748 | D:4      | Found a staircase to the Ecumenical Temple.
  1748 | D:4      | Noticed an ogre
  1754 | D:4      | Killed an ogre
  1755 | D:4      | Reached skill level 6 in Unarmed Combat
  1775 | Temple   | Entered the Ecumenical Temple
  1803 | D:4      | Noticed a black bear
  1808 | D:4      | Killed a black bear
  1809 | D:4      | Reached XP level 6. HP: 55/55 MP: 6/6
  1926 | D:4      | Noticed Pikel
  1927 | D:4      | Found a glowing drain.
  1946 | D:4      | Killed Pikel
  1947 | D:4      | Reached skill level 8 in Unarmed Combat
  1947 | D:4      | Reached XP level 7. HP: 62/62 MP: 7/7
  1974 | Sewer    | Entered a sewer
  2082 | Sewer    | Reached skill level 9 in Unarmed Combat
  2244 | D:4      | Found a transporter.
  2262 | D:4      | Noticed funkygono's ghost (novice DsNe)
  2448 | D:3      | Noticed Natasha
  2452 | D:3      | Killed Natasha
  2518 | D:3      | Noticed Natasha
  2523 | D:3      | Killed Natasha
  2524 | D:3      | Reached XP level 8. HP: 68/70 MP: 6/8
  2551 | D:3      | Noticed Natasha
  2561 | D:3      | Killed Natasha
  2677 | D:5      | Entered Level 5 of the Dungeon
  2777 | D:5      | Reached skill level 10 in Unarmed Combat
  2805 | D:5      | Found an opulent altar of Gozag.
  3349 | D:6      | Reached skill level 1 in Evocations
  3381 | D:6      | Noticed Eustachio
  3409 | D:6      | Killed Eustachio
  3598 | D:6      | Reached XP level 9. HP: 74/83 MP: 7/9
  4692 | D:7      | Found a glowing golden altar of the Shining One.
  4693 | D:7      | Found an ornate altar of the Wu Jian Council.
  4796 | D:7      | Found a hide-covered altar of Uskayaw.
  4802 | D:7      | Found a shimmering blue altar of Sif Muna.
  4806 | D:7      | Found a bloodstained altar of Trog.
  4905 | D:7      | Became a worshipper of Uskayaw the Reveller
  4964 | D:7      | Reached * piety under Uskayaw
  5239 | D:7      | Found a shimmering altar of Xom.
  5284 | D:7      | Reached ** piety under Uskayaw
  5380 | D:7      | Reached *** piety under Uskayaw
  5387 | D:7      | Reached **** piety under Uskayaw
  5518 | D:8      | Found a staircase to the Lair.
  5579 | D:8      | Reached skill level 5 in Fighting
  5585 | D:8      | Reached ***** piety under Uskayaw
  5599 | D:8      | Reached ****** piety under Uskayaw
  5724 | D:8      | Noticed a two-headed ogre
  5732 | D:8      | Slain by a two-headed ogre

Illustrated notes

Levels and vault maps discovered:
D:1:      zaba_arrival_water, layout_loops_cross, minmay_misc_feat_rows
D:2:      layout_loops_cross, serial_forest, infiniplex_forest_straight_2,
          infiniplex_forest_straight_4, infiniplex_forest_end_3,
          infiniplex_forest_clump_double, infiniplex_forest_end_2,
          infiniplex_forest_straight_3, infiniplex_forest_lined_corner,
          infiniplex_forest_zigzag_1, infiniplex_forest_clump_diagonal,
          basic_altar, corexii_leaking_fountain, cheibrodos_gnoll_hut,
          uniq_robin
D:3:      kennysheep_big_flooded_room, layout_basic,
          nicolae_overflow_crystal_walls, amcnicky_altar_gilded, uniq_natasha
D:4:      layout_rooms, temple_green, portal_sewer_entry_a,
          gammafunk_ghost_smash, uniq_pikel
D:5:      layout_basic, nicolae_gozag_seed_capital, kennysheep_generic_room_4
D:6:      layout_cave_pods, hangedman_decor_lopped, uniq_eustachio
D:7:      layout_basic, mainiacjoe_overflow_divided_tiny,
          minmay_overflow_temple_star_quad, xom_butterflies, minivault_25
D:8:      kennysheep_ambush_hall, layout_basic, lair_entry_dummy,
          minmay_crossroads
Temple:   nicolae_temple_no_exploring_needed

Skill      XL: |  1  2  3  4  5  6  7  8  9 |
---------------+----------------------------+-----
Unarmed Combat | 3 4 5 6 8 9 10 | 10.7
Fighting       | 3 5 |  5.6
Evocations     | 2 4 |  4.7
Throwing       | |  0.8
Dodging        | |  1.9
Spellcasting   | |  1.2
Translocations | |  2.1

Action                   |  1- 3 |  4- 6 |  7- 9 || total
-------------------------+-------+-------+-------++-------
Melee: Unarmed           |   102 |   120 |   312 ||   534
       Punch             |     4 |     2 |    21 ||    27
Evoke: Wand              |       |     1 |       ||     1
  Use: Scroll            |       |       |     6 ||     6
       Potion            |       |       |     1 ||     1
 Stab: Sleeping          |     1 |       |     2 ||     3
       Paralysed         |       |       |     5 ||     5
Armor: Robe              |    33 |    34 |    58 ||   125
       Skin              |       |     2 |     4 ||     6
       Animal skin       |       |       |    40 ||    40
Dodge: Dodged            |    50 |    52 |   126 ||   228

Table legend: (Time is in decaauts)
 A = Elapsed time spent in this place.
 B = Non-inter-level travel time spent in this place.
 C = Inter-level travel time spent in this place.
 D = Time resting spent in this place.
 E = Time spent auto-exploring this place.
 F = Levels seen in this place.
 G = Mean time per level.
                   A        B        C        D        E       F      G
               +--------+--------+--------+--------+--------+-----+--------+
         Total |   5731 |   5312 |    419 |    167 |   3976 |  10 |  573.1 |
       Dungeon |   5436 |   5017 |    419 |    167 |   3855 |   8 |  679.5 |
        Temple |      1 |      1 |      0 |      0 |      0 |   1 |    1.0 |
         Sewer |    292 |    292 |      0 |      0 |    121 |   1 |  292.0 |
               +--------+--------+--------+--------+--------+-----+--------+

Top non-repeatable levels by time:
     D:7: 996 daAuts
     D:6: 950 daAuts
     D:3: 802 daAuts
     D:2: 786 daAuts
     D:5: 698 daAuts
     D:1: 564 daAuts
     D:4: 372 daAuts
   Sewer: 292 daAuts
     D:8: 265 daAuts
  Temple: 1 daAuts
